 Dungeon Crawl Stone Soup version 0.24.0-13-gcf9b3192b9 (webtiles) character file.

Game seed: 16117263551688173941, levelgen mode: deterministic

9399 Gumption the Zephyrmancer (level 11, -7/68 HPs)
             Began as a Tengu Air Elementalist on Nov 6, 2019.
             Was a Priest of Fedhas.
             Mangled by Zaque's ghost (13 damage)
             ... on level 7 of the Dungeon on Nov 7, 2019.
             The game lasted 01:44:29 (17149 turns).

Gumption the Zephyrmancer (Tengu Air Elementalist) Turns: 17149, Time: 01:44:30

Health: -7/68      AC: 10    Str: 14    XL:     11   Next: 45%
Magic:  3/24       EV: 20    Int: 25    God:    Fedhas [***...]
Gold:   713        SH:  5    Dex: 16    Spells: 12/27 levels left

rFire    + . .     SeeInvis .   a - +3 quarterstaff (chaos)
rCold    . . .     Gourm    .   (shield currently unavailable)
rNeg     . . .     Faith    .   g - +3 ring mail of Least Resistance {rF- rC- Str+4 Int+7}
rPois    .         Spirit   .   (helmet restricted)
rElec    .         Reflect  +   s - scarf {rC+ rF+}
rCorr    .         Harm     .   l - +0 pair of gloves (curse)
MR       .....                  (boots unavailable)
Stlth    +.........             B - +5 amulet of reflection
HPRegen  0.21/turn              q - ring of protection from fire
MPRegen  0.19/turn              f - +2 ring of strength

@: sluggish, flying quickly and evasively, very slow
A: beak, talons 3, able to fly
a: Stop Flying, Wall of Briars, Grow Ballistomycete, Renounce Religion


You were on level 7 of the Dungeon.
You worshipped Fedhas.
Fedhas was most pleased with you.
You were hungry.

You visited 2 branches of the dungeon, and saw 12 of its levels.
You also visited: Sewer.

You collected 713 gold pieces.

Inventory:

Hand Weapons
 a - a +3 quarterstaff of chaos (weapon)
 b - a +0 hunting sling
 D - a +0 trident of venom
 K - the cursed +1 quarterstaff "Poiqotez" {freeze, Str+2 Dex+2, unknown}
   (You found it on level 10 of the Dungeon)

   It has been specially enchanted to freeze those struck by it, causing extra
   injury to most foes and up to half again as much damage against particularly
   susceptible opponents.
   It can also slow down cold-blooded creatures.
   It affects your strength (+2).
   It affects your dexterity (+2).
   It has a curse placed upon it.
Missiles
 d - 8 boomerangs
 j - 290 stones
 G - 7 javelins (quivered)
 H - 2 throwing nets
 I - 11 poisoned darts
Armour
 g - the +3 ring mail of Least Resistance (worn) {rF- rC- Str+4 Int+7}
   (You found it in a sewer)

   It affects your strength (+4).
   It affects your intelligence (+7).
   It makes you vulnerable to fire.
   It makes you vulnerable to cold.
 l - a cursed +0 pair of gloves (worn)
 s - a scarf of resistance (worn)
Jewellery
 f - a +2 ring of strength (right hand)
 q - a ring of protection from fire (left hand)
 u - an uncursed ring of resist corrosion
 w - an uncursed ring of stealth
 y - an uncursed amulet of regeneration {unknown}
 B - a +5 amulet of reflection (around neck)
 F - an uncursed amulet of the acrobat {unknown}
 J - an uncursed ring of stealth
Wands
 c - a wand of acid (6)
 C - a wand of flame (29)
 M - a wand of clouds (5)
Scrolls
 h - a scroll of fog
 m - 2 scrolls of magic mapping
 t - 9 scrolls of remove curse
 v - 6 scrolls of teleportation
 x - a scroll of enchant weapon
 L - a scroll of fear
Potions
 i - 6 potions of heal wounds
 k - a potion of cancellation
 n - a potion of invisibility {unknown}
 o - 2 potions of might
 p - a potion of mutation {unknown}
 r - 4 potions of agility
 z - 12 potions of curing
 A - a potion of brilliance {unknown}
 E - a potion of berserk rage {unknown}
 N - a potion of haste {unknown}
Comestibles
 e - 16 rations


   Skills:
 + Level 7.9 Fighting
 + Level 4.7 Armour
 + Level 10.0 Dodging
 - Level 2.0 Stealth
 + Level 8.8 Spellcasting
 - Level 5.0 Conjurations
 - Level 10.0 Air Magic


You had 12 spell levels left.
You knew the following spells:

 Your Spells              Type           Power        Failure   Level  Hunger
a - Shock                 Conj/Air       ####         1%          1    None
b - Swiftness             Chrm/Air       #####...     1%          2    None
c - Airstrike             Air            ######....   1%          4    ##.....
d - Static Discharge      Conj/Air       #####...     1%          3    None
e - Lightning Bolt        Conj/Air       #####.....   14%         5    ####...

Your spell library contained the following spells:

 Spells                   Type           Power        Failure   Level  Hunger


Dungeon Overview and Level Annotations

Branches:
Dungeon (11/15)            Temple (1/1) D:7            Lair (0/6) D:11
  Sewer (visited)
    Orc: D:9-12

Altars:
Ashenzari
Cheibriados
Dithmenos
Elyvilon
Fedhas
Gozag
Hepliaklqana
Kikubaaqudgha
Makhleb
Nemelex Xobeh
Okawaru
Qazlal
Ru
Sif Muna
Trog
Uskayaw
Vehumet
Wu Jian
Xom
Yredelemnul
Zin
The Shining One

Annotations:
D:5 exclusion: downstairs
D:7 Froggeryz's ghost, novice DDAr; Zaque's ghost, novice GrMo


Innate Abilities, Weirdness & Mutations

You have a beak for a mouth.
You have claws for feet.
You can fly continuously.


Message History

Froggeryz's ghost is severely damaged.
The zap hits Zaque's ghost.
Zaque's ghost resists.
Zaque's ghost is severely damaged.
Zaque's ghost hits you!
* * * LOW HITPOINT WARNING * * *
Casting: Shock (safe; 1% risk of failure)
Confirm with . or Enter, or press ? or * to list all spells.
Aiming: Shock (safe; 1% risk of failure)
Press: ? - help, Shift-Dir - straight line The zap hits Zaque's ghost but does no damage.
Zaque's ghost is severely damaged.
The zap hits Froggeryz's ghost but does no damage.
Froggeryz's ghost is severely damaged.
The zap hits Froggeryz's ghost.
Froggeryz's ghost is severely damaged.
The zap hits Zaque's ghost.
Zaque's ghost resists.
Zaque's ghost is severely damaged.
Zaque's ghost hits you!
You die...
Fedhas appreciates your contribution to the ecosystem.

........'.........#.#.......###.'
........####.......###.....##...#
.......## ##..#......#._.#.#..##
#.....## ##......)##..###..##
##...## ###.###..#####...# ##'##
#.###........#.# #.#
#......##.####.### #.#
#.#######......^.. ###.## #@#
##.###.### )....## #W# #.# #.# #
#.....##########W# #.# #.###
##.....W.W.......# #.# #....
##.############## #.# ##### #.#
#.# # #W# ##### ##.####### #W#
#...####......... #.#
#########...§≈≈..########


You could see Froggeryz's ghost and Zaque's ghost.

Vanquished Creatures
  Josephine (D:10)
  A two-headed ogre (D:9)
  A cyclops (D:10)
  The ghost of alive the Ruffian, a novice VSEE of Okawaru (D:5)
  A troll (D:11)
  A shadow (D:11)
  5 wraiths (D:10)
  2 hungry ghosts
  2 wargs (D:11)
  A soldier ant (D:11)
  3 orc warriors
  A sky beast (D:10)
  A hornet zombie (D:10)
  3 ice beasts
  2 black bears (D:9)
  4 phantoms
  4 necrophages
  8 ogres
  4 centaurs
  A big kobold (Sewer)
  3 bullfrogs
  3 scorpions
  2 wyvern skeletons
  9 killer bees (D:10)
  2 bullfrog zombies
  2 crimson imps (D:5)
  4 orc priests
  2 centaur zombies
  3 jellies
  Crazy Yiuf (D:5)
  3 centaur skeletons
  3 hounds
  A bullfrog skeleton (D:11)
  5 iguanas
  11 orc wizards
  7 worker ants
  A hound zombie (D:6)
  A hound skeleton (D:5)
  2 worker ant zombies (D:8)
  8 gnolls
  16 adders
  2 howler monkey skeletons
  2 river rats (Sewer)
  3 shadow imps
  2 oozes
  An adder skeleton (D:9)
  2 worms
  2 dart slugs (D:1)
  7 leopard geckos
  28 orcs
  5 giant cockroaches
  12 goblins
  7 hobgoblins
  8 jackals
  3 quokkas
  7 ball pythons
  6 bats
  7 frilled lizards
  22 kobolds
  A leopard gecko zombie (D:5)
  A quokka zombie (D:6)
  32 rats
296 creatures vanquished.

Vanquished Creatures (others)
  A hound zombie (D:6)
  An orc (D:6)
  2 plants (D:8)
  6 withered plants (D:7)
10 creatures vanquished.

Grand Total: 306 creatures vanquished

Notes
Turn   | Place    | Note
-------+----------+-------------------------------------------
     0 | D:1      | Gumption the Tengu Air Elementalist began the quest for the
                  | Orb.
     0 | D:1      | Reached XP level 1. HP: 10/10 MP: 4/4
   579 | D:1      | Reached XP level 2. HP: 14/15 MP: 6/6
   826 | D:1      | Learned a level 2 spell: Swiftness
  1573 | D:2      | Reached XP level 3. HP: 19/19 MP: 2/7
  2443 | D:2      | Reached skill level 5 in Air Magic
  2443 | D:2      | Reached XP level 4. HP: 24/24 MP: 4/8
  2583 | D:2      | Learned a level 4 spell: Airstrike
  2750 | D:2      | Found a sparkling altar of Nemelex Xobeh.
  2750 | D:2      | Found a blossoming altar of Fedhas.
  3978 | D:3      | Gained mutation: You can fly continuously. [Tengu growth]
  3978 | D:3      | Reached XP level 5. HP: 28/28 MP: 5/10
  4575 | D:3      | Learned a level 3 spell: Static Discharge
  4608 | D:4      | Noticed a phantom
  4739 | D:4      | Killed a phantom
  4739 | D:4      | Reached XP level 6. HP: 30/32 MP: 5/11
  4922 | D:4      | Reached skill level 5 in Conjurations
  5100 | D:4      | Found a glowing drain.
  5109 | Sewer    | Entered a sewer
  5506 | Sewer    | Reached XP level 7. HP: 35/36 MP: 0/13
  5663 | Sewer    | Got a slimy ring mail
  5688 | Sewer    | Identified the +3 ring mail of Least Resistance {rF- rC-
                  | Str+4 Int+7} (You found it in a sewer)
  6778 | D:5      | Entered Level 5 of the Dungeon
  6859 | D:5      | Found a runed translucent gate.
  6859 | D:5      | Found a runed translucent gate.
  6861 | D:5      | Found a runed translucent gate.
  6864 | D:5      | Noticed alive's ghost (novice VSEE)
  7061 | D:5      | Reached XP level 8. HP: 41/41 MP: 2/15
  7733 | D:5      | Found a hide-covered altar of Uskayaw.
  7778 | D:5      | Found a runed translucent door.
  7779 | D:5      | Noticed Crazy Yiuf
  8181 | D:5      | Killed Crazy Yiuf
  8352 | D:2      | Became a worshipper of Fedhas Madash
  8734 | D:6      | Reached skill level 5 in Dodging
  9123 | D:6      | Reached skill level 1 in Fighting
  9123 | D:6      | Reached skill level 10 in Air Magic
  9172 | D:6      | Reached skill level 5 in Spellcasting
  9365 | D:6      | You are sucked into a shaft and drop 1 floor!
  9428 | D:7      | Found a staircase to the Ecumenical Temple.
  9443 | D:7      | Reached XP level 9. HP: 42/48 MP: 6/17
  9447 | D:7      | Reached * piety under Fedhas
  9752 | D:6      | Found a shattered altar of Ashenzari.
 10112 | D:7      | Found a runed translucent gate.
 10113 | D:7      | Found a runed translucent gate.
 10114 | D:7      | Found a runed translucent gate.
 10115 | D:7      | Noticed Zaque's ghost (novice GrMo)
 10115 | D:7      | Noticed Froggeryz's ghost (novice DDAr)
 10150 | Temple   | Entered the Ecumenical Temple
 10648 | D:7      | Found a shimmering blue altar of Sif Muna.
 11109 | D:7      | Found an ornate altar of the Wu Jian Council.
 11109 | D:7      | Found a white marble altar of Elyvilon.
 11636 | D:8      | Learned a level 5 spell: Lightning Bolt
 11661 | D:8      | Found a blossoming altar of Fedhas.
 12231 | D:9      | Found a bloodstained altar of Trog.
 12246 | D:9      | Reached skill level 5 in Fighting
 12249 | D:9      | Reached ** piety under Fedhas
 12259 | D:9      | Reached XP level 10. HP: 57/59 MP: 4/21
 12521 | D:9      | Found a glowing golden altar of the Shining One.
 12540 | D:9      | Identified the +5 hunting sling of the Two Names {venom,
                  | rN+ Str+7}
 12744 | D:9      | Noticed a two-headed ogre
 12772 | D:9      | Killed a two-headed ogre
 13288 | D:10     | Entered Level 10 of the Dungeon
 13624 | D:10     | Reached skill level 1 in Armour
 14188 | D:10     | Noticed a red ugly thing
 14681 | D:10     | Reached *** piety under Fedhas
 14806 | D:10     | Noticed Josephine
 14829 | D:10     | Killed Josephine
 14829 | D:10     | Reached XP level 11. HP: 32/67 MP: 9/24
 15044 | D:10     | Got a bone quarterstaff
 15054 | D:10     | Noticed a cyclops
 15065 | D:10     | Killed a cyclops
 15940 | D:11     | Found a staircase to the Lair.
 16445 | D:11     | Reached skill level 10 in Dodging
 16905 | D:5      | Killed alive's ghost
 17149 | D:7      | Mangled by Zaque's ghost

Levels and vault maps discovered:
D:1:      dpeg_arrival_concentric_ovals, layout_basic, minmay_heptomino_o4
D:2:      layout_loops_corners, amethyst_overflow_temple_binary
D:3:      layout_basic
D:4:      layout_gridville, first_ration, portal_sewer_entry_a,
          kennysheep_generic_room_15
D:5:      layout_loops_ring, lemuel_round_altar, gammafunk_ghost_necromancy,
          patterned_corridor, uniq_crazy_yiuf_cottage
D:6:      layout_loops_cross, lemuel_doored_altar, lemuel_flamethrower_2
D:7:      layout_loops_corners, gammafunk_temple_overflow_pools,
          minmay_temple_entry_mist, gammafunk_ghost_cemetery,
          minmay_ruined_shrine
D:8:      layout_basic, grunt_ogre_cave, chequers_serial_rivers_micro_c,
          fedhas_altar_decomposition
D:9:      layout_basic, lemuel_crystal_altar, trog_ov_bears_minmay
D:10:     layout_loops_ring, uniq_josephine
D:11:     layout_irregular_city, erik_lair_orcish_takeover
Temple:   dpeg_chambers_temple

Skill      XL: |  1  2  3  4  5  6  7  8  9 10 11 |
---------------+----------------------------------+-----
Conjurations   | 2 3 4 5 |  5.0
Air Magic      | 5 6 7 8 10 | 10.0
Spellcasting   | 3 4 5 6 8 |  8.8
Dodging        | 3 4 5 7 9 10 | 10.0
Fighting       | 2 5 7 |  7.9
Armour         | 3 4 |  4.7
Stealth        | |  2.0

Action                   |  1- 3 |  4- 6 |  7- 9 | 10-12 || total
-------------------------+-------+-------+-------+-------++-------
Melee: Whip              |    11 |    15 |     1 |       ||    27
       Kick              |     1 |     5 |     4 |    36 ||    46
       Peck              |       |     2 |     1 |    16 ||    19
       Quarterstaff      |       |       |     8 |   105 ||   113
Throw: Boomerang         |     7 |     6 |       |       ||    13
       Javelin           |       |       |       |     3 ||     3
 Cast: Shock             |    71 |   134 |   373 |   304 ||   882
       Swiftness         |       |     1 |     4 |     3 ||     8
       Airstrike         |       |       |     2 |     5 ||     7
       Static Discharge  |       |       |       |     1 ||     1
 Abil: Fly               |       |     1 |       |       ||     1
Evoke: Wand              |       |       |       |     2 ||     2
  Use: Scroll            |       |     2 |    15 |     3 ||    20
       Potion            |       |       |       |     1 ||     1
 Stab: Sleeping          |     1 |     2 |       |       ||     3
  Eat: Chunk             |     6 |     9 |    11 |     7 ||    33
       Ration            |       |       |     3 |     2 ||     5
Armor: Robe              |     2 |       |       |       ||     2
       Leather armour    |     3 |    14 |       |       ||    17
       Ring mail         |       |       |    23 |    45 ||    68
Dodge: Dodged            |    22 |    40 |    84 |   203 ||   349
Block: Other             |       |       |    10 |    65 ||    75
       Reflection        |       |       |     2 |     1 ||     3
